 Dungeon Crawl Stone Soup version 0.30-a0-540-g0af01429fa (webtiles) character file.

Game seed: 4767141037257802959

44892 demibob the Black Belt (level 13, 0/90 HPs)
             Began as a Demonspawn Gladiator on Dec 26, 2022.
             Was a High Priest of Okawaru.
             Succumbed to a wolf spider's poison
             ... on level 5 of the Lair of Beasts.
             The game lasted 00:32:14 (17647 turns).

demibob the Black Belt (Demonspawn Gladiator)      Turns: 17647, Time: 00:32:14

Health: 0/90       AC: 12    Str: 21    XL:     13   Next: 98%
Magic:  15/16      EV: 26    Int: 13    God:    Okawaru [*****.]
Gold:   1239       SH:  0    Dex: 25    Spells: 12/12 levels left

rFire   + . .      SeeInvis .      - Unarmed
rCold   + . .      Faith    +    (no shield)
rNeg    . . .      Spirit   .    l - +0 acid dragon scales
rPois   .          Reflect  .    (helmet restricted)
rElec   .          Harm     .    B - scarf {shadows}
rCorr   +          Rampage  .    (gloves unavailable)
Will    .....                    G - +1 pair of boots "Qoedecut" {rC+ Str+6}
Stlth   +++++                    v - amulet of faith {!P}
HPRegen 0.35/turn                h - ring "Gerihay" {rF+ Int+3 Dex+6}
MPRegen 0.15/turn                T - +4 ring of protection

@: lethally poisoned (0 -> -33), heroic
A: claws 3, hooves 1, horns 2, (demonic guardian 2), powered by death 1,
iridescent scales 1, deformed body
a: Renounce Religion, Heroism, Finesse, Duel


You were on level 5 of the Lair of Beasts.
You worshipped Okawaru.
Okawaru was extremely pleased with you.
You visited 3 branches of the dungeon, and saw 17 of its levels.

You collected 1239 gold pieces.


Innate Abilities, Weirdness & Mutations

You have claws for hands.
You have large cloven feet.
You have a pair of horns on your head.
((A demonic guardian rushes to your aid.))
You regenerate a little health from kills.
You are partially covered in iridescent scales. (AC +2)
Armour fits poorly on your strangely shaped body.


   Skills:
 + Level 4.8(9.8) Fighting
 - Level 3.2(8.2) Staves
 - Level 3.8(8.8) Throwing
 - Level 11.1(16.1) Dodging
 - Level 5.9(10.9) Stealth
 * Level 17.7(22.7) Unarmed Combat
 - Level 4.7 Invocations


You had 12 spell levels left.
You didn't know any spells.
Your spell library contained the following spells:

 Spells                   Type           Power      Damage    Failure   Level
 Necrotise                Necr           0%         1d4       36%         1
 Slow                     Hex            0%         N/A       36%         1
 Blink                    Tloc           0%         N/A       52%         2
 Cigotuvi's Dreadful Rot  Necr/Pois/Air  0%         N/A       52%         2
 Poisonous Vapours        Pois/Air       0%         N/A       52%         2
 Confusing Touch          Hex            0%         N/A       75%         3
 Ignite Poison            Fire/Tmut/Pois 0%         N/A       75%         3
 Mephitic Cloud           Conj/Pois/Air  0%         N/A       75%         3
 Vampiric Draining        Necr           0%         2d6       75%         3
 Manifold Assault         Tloc           0%         N/A       98%         4
 Sticky Flame             Conj/Fire      0%         2d3       98%         4
 Agony                    Necr           0%         N/A       100%        5
 Eringya's Noxious Bog    Tmut/Pois      0%         N/A       100%        6
 Storm Form               Tmut/Air       0%         N/A       100%        7
 Ignition                 Fire           0%         3d3       100%        8
 Summon Forest            Summ/Tloc      Unusable   N/A       N/A         5
 Summon Hydra             Summ           Unusable   N/A       N/A         7

Inventory:

Hand Weapons
 x - a +0 short sword of distortion
Missiles
 e - 9 javelins (quivered)
 y - 7 curare-tipped darts {=f}
 H - a throwing net {=f}
Armour
 l - +0 acid dragon scales (worn)
 B - a scarf of shadows (worn)
 G - the +1 pair of boots "Qoedecut" (worn) {rC+ Str+6}
   (Okawaru gifted it to you on level 3 of the Lair of Beasts)

   Str:       It affects your strength (+6).
   rC:        It protects you from cold.
Jewellery
 h - the ring "Gerihay" (left claw) {rF+ Int+3 Dex+6}
   (You took it off a goblin on level 2 of the Dungeon)

   [ring of dexterity]

   Int:       It affects your intelligence (+3).
   Dex:       It affects your dexterity (+6).
   rF:        It protects you from fire.
 v - an amulet of faith (around neck) {!P}
 C - an amulet of regeneration
 F - a ring of fire
 N - a ring of positive energy
 T - a +4 ring of protection (right claw)
Wands
 a - a wand of flame (38)
 d - a wand of iceblast (18)
 w - a wand of mindburst (10)
 A - a wand of acid (6)
 D - a wand of digging (1)
Scrolls
 f - 2 scrolls of teleportation {@r2}
 p - 2 scrolls of fog
 t - a scroll of fear
 u - 3 scrolls of magic mapping
 E - 3 scrolls of enchant armour
Potions
 b - 2 potions of mutation
 j - 8 potions of lignification
 q - a potion of berserk rage {!q}
 r - 3 potions of flight
Miscellaneous
 i - a piece from Xom's chessboard (15/15)

Dungeon Overview and Level Annotations

Branches:
Dungeon (11/15)            Temple (1/1) D:6            Lair (5/5) D:11
  Swamp (0/4) Lair:3        Snake (0/4) Lair:2        Slime (0/5) Lair:5
    Orc (0/2) D:10

Altars:
Ashenzari
Cheibriados
Dithmenos
Fedhas
Gozag
Hepliaklqana
Kikubaaqudgha
Makhleb
Nemelex Xobeh
Okawaru
Qazlal
Ru
Sif Muna
Trog
Uskayaw
Vehumet
Wu Jian
Xom
Yredelemnul

Shops:
D:2 :   D:10 (

Annotations:
D:5 1 runed translucent door, Crazy Yiuf
D:7 2 transporters, Zonian's ghost, novice VSIE
Lair:2 exclusion: oklob plant

,,***,,,,*,,,,,,#....#▒#.......#
,,,,**,,,**,,,,##...##..P.....##
,,,,,**,,,*,,,,#...##.........#
,,,,,,**,,**,,##..##......#...#
,,,,,,,**,,*,,#..##...........#
,***,,,,**,**##.##.....##▒....##
**,***,,,**##▒..#....###....†..#
*,,,,***,,##..SsS?.###.....P#..#*
**,,,,,▒▒▒#....#@##▒....P.....#.#
**,,,,,...sSPP.▒##.............##
**,,,,,.S...PP.▒##......#.....##
**,,,,,*▒▒#....#.###....P......##
*,,,,***,,##†.##.[.###..........#
**,***,,,###▒#▒#.....###....P..##
.▒▒▒(..,##.####..#.....▒#▒.....#
P.....,##[[#..#..##......P....P#
PP...,##..##÷.##..##.....P.....#


You could see a wolf spider, a guardian serpent and a black mamba.


Message History

Okawaru accepts your kill.
You feel very sick. The wolf spider hits you!
* * * LOW HITPOINT WARNING * * *
The wolf spider barely misses you.
You barely miss the guardian serpent.
Your headbutt misses the guardian serpent.
You feel sick.
The guardian serpent casts a spell at you.
You feel yourself slow down. The wolf spider hits you!
* * * LOW HITPOINT WARNING * * *
The wolf spider completely misses you.
You barely miss the guardian serpent.
Your headbutt misses the guardian serpent.
* * * LOW HITPOINT WARNING * * *
You feel very sick.
The guardian serpent casts a spell at you.
You feel as though you will be slow longer.
The wolf spider misses you. The wolf spider bites you.
* * * LOW HITPOINT WARNING * * *
You are more poisoned.
The wolf spider poisons you!
The guardian serpent completely misses you.
It was a potion of cancellation.
You feel strangely stable.
Your magical effects are unravelling.
You feel magically purged.
You feel yourself speed up.
You die...

Skill      XL: |  1  2  3  4  5  6  7  8  9 10 11 12 13 |
---------------+----------------------------------------+-----
Staves         | 3 |  3.2
Unarmed Combat | 1 2 4 5 6 8 10 11 12 14 15 17 | 17.7
Dodging        | 3 6 8 9 10 11 | 11.1
Stealth        | 4 5 |  5.9
Throwing       | 3 |  3.8
Invocations    | 4 |  4.7
Fighting       | 4 |  4.8

Action                   |  1- 3 |  4- 6 |  7- 9 | 10-12 | 13-15 || total
-------------------------+-------+-------+-------+-------+-------++-------
Melee: Quarterstaff      |    85 |       |       |       |       ||    85
       Unarmed           |    62 |   156 |   251 |   602 |   404 ||  1475
       Punch             |     1 |     4 |    11 |    70 |    65 ||   151
       Headbutt          |       |       |    32 |   165 |   117 ||   314
Throw: Throwing net      |     1 |     1 |     1 |       |     2 ||     5
       Javelin           |       |       |     1 |     1 |     5 ||     7
Invok: Heroism           |       |       |     3 |    12 |     6 ||    21
Evoke: Wand              |       |       |       |     1 |     1 ||     2
  Use: Scroll            |     7 |     4 |     9 |     8 |     8 ||    36
       Potion            |       |     4 |     8 |     8 |     2 ||    22
 Stab: Sleeping          |     2 |     3 |     2 |     9 |     3 ||    19
       Invisible         |       |     4 |     1 |     7 |       ||    12
       Paralysed         |       |     1 |       |       |       ||     1
       Distracted        |       |       |       |     1 |     2 ||     3
       Held in net/web   |       |       |       |       |     1 ||     1
Armor: Leather armour    |    59 |    35 |    22 |    58 |       ||   174
       Skin              |       |       |       |     1 |       ||     1
       Acid dragon scale |       |       |       |    38 |    74 ||   112
Dodge: Dodged            |   113 |    94 |   147 |   440 |   314 ||  1108

Levels and vault maps discovered:
D:1:      erik_arrival_blinker_ship, layout_basic, minivault_5,
          hex_intersection, columned_hall_lemuel
D:2:      layout_loops_ring, serial_shops, nicolae_shop_statue_plus,
          kennysheep_decorative_pillar, reono_crystal_passage
D:3:      layout_rooms, kennysheep_path_1
D:4:      layout_loops_cross, nicolae_ru_great_annihilating_truth,
          serial_undead, serial_undead_a, serial_undead_c, serial_undead_a,
          serial_undead_f
D:5:      layout_basic, mainiacjoe_overflow_small_starburst, serial_curves,
          eino_curves_02, eino_curves_01, eino_curves_03,
          kennysheep_generic_room_3, uniq_crazy_yiuf_cottage
D:6:      layout_rooms, grunt_gozag_breadcrumbs, lemuel_round_altar,
          mainiacjoe_overflow_paths, temple_doors_cd
D:7:      layout_cave_pools, nicolae_vehumet_altar_sigil, zin_treasury,
          gammafunk_ghost_wrathful_warriors, uniq_duvessa
D:8:      layout_cave_pods, mainiacjoe_overflow_brackets, xom_butterflies,
          minmay_fractal_squares_gapless_5, uniq_psyche, uniq_maurice
D:9:      layout_cave_pools, mainiacjoe_overflow_chevrons, kennysheep_mini_moat,
          dk_noncrumbling_2, nicolae_underground_beach
D:10:     layout_long_grid, overflow_temple_1_default,
          kennysheep_orc_monster_closet_entryway, serial_shops,
          nicolae_shop_advertising_works [nicolae_subvault_shop_adworks],
          minivault_27, uniq_sonja
D:11:     layout_basic, minmay_lair_entry_grove
Temple:   eino_temple_lava
Lair:1:   layout_loops_ring, uniq_nergalle
Lair:2:   layout_layer_cave, guppyfry_snake_entry_garden, uniq_urug
Lair:3:   layout_cave_pods, minmay_swamp_entry_worms, serial_bayou_lagoon_a,
          uniq_josephine, uniq_kirke
Lair:4:   layout_regular_city, small_statue_intersection, nzn_sisyphean_effort
Lair:5:   hangedman_lair_tendril_chambers, layout_long_grid,
          minmay_slime_entry_oklob_enclosed, gammafunk_ghost_grave

Notes
Turn   | Place    | Note
-------+----------+-------------------------------------------
     0 | D:1      | demibob the Demonspawn Gladiator began the quest for the
                  | Orb.
     0 | D:1      | Reached XP level 1. HP: 16/16 MP: 1/1
    68 | D:1      | Reached skill level 3 in Staves
   194 | D:1      | You feel monstrous as your demonic heritage exerts itself.
   194 | D:1      | Discovered your monstrous ancestry.
   194 | D:1      | Gained mutation: You have sharp fingernails. [demonic
                  | ancestry]
   194 | D:1      | Reached XP level 2. HP: 22/22 MP: 2/2
   256 | D:1      | Reached skill level 1 in Unarmed Combat
   633 | D:1      | Gained mutation: A weak demonic guardian rushes to your
                  | aid. [demonic ancestry]
   633 | D:1      | Reached XP level 3. HP: 25/27 MP: 3/3
  1054 | D:2      | Found Siun's Book Emporium.
  1070 | D:2      | Reached skill level 2 in Unarmed Combat
  1262 | D:2      | Identified the ring "Gerihay" {rF+ Int+3 Dex+6}
  1485 | D:2      | Gained mutation: You have very sharp fingernails. [demonic
                  | ancestry]
  1485 | D:2      | Reached XP level 4. HP: 33/33 MP: 4/4
  2035 | D:3      | Noticed a sky beast
  2060 | D:3      | Killed a sky beast
  2061 | D:3      | Reached skill level 4 in Unarmed Combat
  2061 | D:3      | Gained mutation: You have claws for hands. [demonic
                  | ancestry]
  2061 | D:3      | Reached XP level 5. HP: 38/38 MP: 5/5
  2392 | D:4      | Reached skill level 5 in Unarmed Combat
  2561 | D:4      | Reached XP level 6. HP: 44/44 MP: 6/6
  2568 | D:4      | Found a sacrificial altar of Ru.
  2990 | D:4      | Reached skill level 6 in Unarmed Combat
  3005 | D:4      | Reached XP level 7. HP: 31/50 MP: 7/7
  3153 | D:4      | Reached skill level 7 in Unarmed Combat
  3579 | D:5      | Entered Level 5 of the Dungeon
  3769 | D:5      | Found a shimmering blue altar of Sif Muna.
  4014 | D:5      | Reached skill level 8 in Unarmed Combat
  4254 | D:5      | Gained mutation: You have a pair of small horns on your
                  | head. [demonic ancestry]
  4254 | D:5      | Reached XP level 8. HP: 40/56 MP: 8/8
  4602 | D:5      | Found a runed translucent door.
  4603 | D:5      | Noticed Crazy Yiuf
  4700 | D:6      | Reached skill level 9 in Unarmed Combat
  4721 | D:6      | Found an opulent altar of Gozag.
  4874 | D:6      | Found a staircase to the Ecumenical Temple.
  4886 | Temple   | Entered the Ecumenical Temple
  4908 | Temple   | Became a worshipper of Warmaster Okawaru
  5112 | D:6      | Reached skill level 10 in Unarmed Combat
  5178 | D:6      | Reached skill level 3 in Dodging
  5436 | D:6      | Reached * piety under Okawaru
  5437 | D:6      | Gained mutation: You have large cloven feet. [demonic
                  | ancestry]
  5437 | D:6      | Reached XP level 9. HP: 37/60 MP: 9/9
  5595 | D:6      | Found a snail-covered altar of Cheibriados.
  5686 | D:6      | Found a shadowy altar of Dithmenos.
  6093 | D:7      | Reached skill level 4 in Dodging
  6305 | D:7      | Noticed Dowan
  6321 | D:7      | Killed Dowan
  6321 | D:7      | Reached ** piety under Okawaru
  6322 | D:7      | Reached skill level 5 in Dodging
  6387 | D:7      | Noticed Duvessa
  6400 | D:7      | Killed Duvessa
  6401 | D:7      | Reached skill level 11 in Unarmed Combat
  6539 | D:7      | Found a radiant altar of Vehumet.
  6575 | D:7      | Found a transporter.
  6579 | D:7      | Noticed a moth of wrath
  6583 | D:7      | Found a bloodstained altar of Trog.
  6590 | D:7      | Found a transporter.
  6604 | D:7      | Noticed Zonian's ghost (novice VSIE)
  6614 | D:7      | Noticed a two-headed ogre
  7196 | D:8      | Found a shimmering altar of Xom.
  7242 | D:8      | Reached skill level 6 in Dodging
  7249 | D:8      | Reached *** piety under Okawaru
  7401 | D:8      | Noticed a two-headed ogre
  7412 | D:8      | Killed a two-headed ogre
  7413 | D:8      | Gained mutation: You have a pair of horns on your head.
                  | [demonic ancestry]
  7413 | D:8      | Reached XP level 10. HP: 19/67 MP: 7/10
  7458 | D:8      | Gained mutation: You sometimes lose your temper in combat.
                  | [potion of mutation]
  7459 | D:8      | Lost mutation: You sometimes lose your temper in combat.
                  | [potion of mutation]
  7459 | D:8      | Gained mutation: Your body sometimes deteriorates upon
                  | taking damage. [potion of mutation]
  7459 | D:8      | Gained mutation: Your flesh is heat resistant. (rF+)
                  | [potion of mutation]
  7460 | D:8      | Lost mutation: Your body sometimes deteriorates upon taking
                  | damage. [potion of mutation]
  7460 | D:8      | Lost mutation: Your flesh is heat resistant. (rF+) [potion
                  | of mutation]
  7460 | D:8      | Gained mutation: You are frail. (-10% HP) [potion of
                  | mutation]
  7460 | D:8      | Gained mutation: Your spells are a little harder to cast,
                  | but a little more powerful. [potion of mutation]
  7655 | D:8      | Noticed Maurice
  7669 | D:8      | Killed Maurice
  7669 | D:8      | Reached **** piety under Okawaru
  7670 | D:8      | Reached skill level 7 in Dodging
  7670 | D:8      | Reached skill level 12 in Unarmed Combat
  7730 | D:8      | Noticed Psyche
  7791 | D:8      | Killed Psyche
  7990 | D:8      | Found an ornate altar of the Wu Jian Council.
  8513 | D:9      | Reached skill level 8 in Dodging
  8531 | D:9      | Lost mutation: Your spells are a little harder to cast, but
                  | a little more powerful. [potion of mutation]
  8531 | D:9      | Lost mutation: You are frail. (-10% HP) [potion of
                  | mutation]
  8531 | D:9      | Gained mutation: Armour fits poorly on your strangely
                  | shaped body. [potion of mutation]
  8531 | D:9      | Gained mutation: You are partially covered in iridescent
                  | scales. (AC +2) [potion of mutation]
  8670 | D:9      | Found a blossoming altar of Fedhas.
  8924 | D:9      | Found a sparkling altar of Nemelex Xobeh.
  9222 | D:10     | Entered Level 10 of the Dungeon
  9323 | D:10     | Found a hide-covered altar of Uskayaw.
  9333 | D:10     | Noticed Sonja
  9338 | D:10     | Killed Sonja
  9341 | D:10     | Reached ***** piety under Okawaru
  9345 | D:10     | Gained mutation: You regenerate a little health from kills.
                  | [demonic ancestry]
  9345 | D:10     | Reached XP level 11. HP: 72/72 MP: 9/11
  9351 | D:10     | Reached skill level 13 in Unarmed Combat
  9361 | D:10     | Reached skill level 9 in Dodging
  9467 | D:10     | Found Qinnit's Antique Weapon Emporium.
  9717 | D:10     | Found a staircase to the Orcish Mines.
  9736 | D:10     | Received a gift from Okawaru
  9956 | D:11     | Reached skill level 1 in Stealth
 10047 | D:11     | Reached skill level 2 in Stealth
 10364 | D:11     | Noticed a centaur warrior
 10372 | D:11     | Reached skill level 2 in Throwing
 10379 | D:11     | Killed a centaur warrior
 10380 | D:11     | Reached skill level 3 in Stealth
 10380 | D:11     | Reached skill level 14 in Unarmed Combat
 10653 | D:11     | Reached skill level 3 in Throwing
 10967 | D:11     | Received a gift from Okawaru
 10997 | D:11     | Found a staircase to the Lair.
 11053 | D:11     | Reached skill level 4 in Stealth
 11053 | D:11     | Gained mutation: A demonic guardian rushes to your aid.
                  | [demonic ancestry]
 11053 | D:11     | Reached XP level 12. HP: 78/78 MP: 12/12
 11227 | Lair:1   | Entered Level 1 of the Lair of Beasts
 11338 | Lair:1   | Noticed Nergalle
 11346 | Lair:1   | Killed Nergalle
 11359 | Lair:1   | Identified the +12 flail of Duty {pain, rF++ Will- Str-3
                  | Int+10}
 11603 | Lair:1   | Reached skill level 1 in Invocations
 12145 | Lair:2   | Reached skill level 2 in Invocations
 12247 | Lair:2   | Noticed a death yak
 12256 | Lair:2   | Reached skill level 5 in Stealth
 12309 | Lair:2   | Found a staircase to the Snake Pit.
 12390 | Lair:2   | Noticed Urug
 12398 | Lair:2   | Reached skill level 3 in Invocations
 12412 | Lair:2   | Killed Urug
 12413 | Lair:2   | Reached skill level 15 in Unarmed Combat
 12710 | Lair:2   | Received a gift from Okawaru
 12724 | Lair:2   | Reached skill level 4 in Invocations
 13118 | Lair:2   | Reached skill level 10 in Dodging
 13486 | Lair:2   | Noticed a death yak
 13490 | Lair:2   | Noticed a death yak
 13490 | Lair:2   | Noticed a death yak
 13502 | Lair:2   | Killed a death yak
 13509 | Lair:2   | Killed a death yak
 13509 | Lair:2   | Received a gift from Okawaru
 13520 | Lair:2   | Killed a death yak
 13528 | Lair:2   | Killed a death yak
 13941 | Lair:3   | Reached XP level 13. HP: 66/83 MP: 16/16
 14036 | Lair:3   | You fall into a shaft and drop 2 floors!
 14036 | Lair:5   | Entered Level 5 of the Lair of Beasts
 14054 | Lair:5   | Reached skill level 16 in Unarmed Combat
 14712 | Lair:4   | Received a gift from Okawaru
 14922 | Lair:4   | Reached ****** piety under Okawaru
 15028 | Lair:4   | Reached skill level 11 in Dodging
 15731 | Lair:3   | Reached skill level 17 in Unarmed Combat
 15763 | Lair:3   | Noticed Josephine
 15773 | Lair:3   | HP: 6/76 [Josephine/+1 dagger of speed (6)]
 16034 | Lair:3   | Killed Josephine
 16034 | Lair:3   | Identified the +1 pair of boots "Qoedecut" {rC+ Str+6}
                  | (Okawaru gifted it to you on level 3 of the Lair of Beasts)
 16034 | Lair:3   | Received a gift from Okawaru
 16035 | Lair:3   | Reached skill level 3 in Fighting
 16093 | Lair:3   | Noticed Kirke
 16108 | Lair:3   | Killed Kirke
 16230 | Lair:3   | Found a staircase to the Swamp.
 16821 | Lair:3   | Identified the +4 rapier "Iholu" {venom, rF++}
 17009 | Lair:5   | Reached skill level 4 in Fighting
 17647 | Lair:5   | Succumbed to a wolf spider's poison

Vanquished Creatures
  Kirke (Lair:3)
  Josephine (Lair:3)
  A two-headed ogre (D:8)
  A centaur warrior (D:11)
  A boulder beetle (Lair:4)
  4 death yaks (Lair:2)
  Urug (Lair:2)
  Nergalle (Lair:1)
  Sonja (D:10)
  2 cyclopes (D:11)
  16 elephants
  A manticore (D:11)
  Maurice (D:8)
  7 black mambas
  7 cane toads
  A torpor snail (Lair:5)
  Psyche (D:8)
  4 komodo dragons
  A rime drake (Lair:4)
  A troll (D:10)
  3 polar bears
  A tyrant leech (Lair:3)
  A hornet (Lair:5)
  5 dream sheep (Lair:3)
  6 wraiths
  64 yaks
  6 humans (Lair:3)
  13 wyverns
  A redback (Lair:5)
  A steam dragon (D:7)
  3 vampire mosquitoes (D:11)
  2 acid dragons (D:11)
  A naga (Lair:2)
  25 water moccasins
  Duvessa (D:7)
  An ice beast (D:6)
  4 orc warriors
  A sky beast (D:3)
  4 black bears
  3 ogres
  6 wolves
  5 centaurs
  7 phantoms
  9 kobold brigands (D:10)
  17 bullfrogs
  A gnoll sergeant (D:6)
  2 necrophages
  4 scorpions
  13 wights
  Dowan (D:7)
  11 killer bees
  A howler monkey (D:9)
  2 hounds
  5 orc priests
  A jelly (D:5)
  A gnoll bouda (D:9)
  3 iguanas
  11 orc wizards
  6 hell rats (Lair:3)
  14 gnolls
  6 adders
  3 white imps
  3 adder zombies (D:4)
  2 worms
  A dart slug (D:2)
  38 orcs
  9 bats
  5 endoplasms
  6 giant cockroaches
  4 goblins
  6 hobgoblins
  7 jackals
  9 kobolds
  3 quokkas
  8 ball pythons
  3 frilled lizards (D:3)
  2 rats
435 creatures vanquished.

Vanquished Creatures (collateral kills)
  An orc (D:4)
  A bat (D:2)
  A kobold (D:2)
3 creatures vanquished.

Vanquished Creatures (others)
  46 fungi
  104 plants
  A withered plant (D:4)
151 creatures vanquished.

Grand Total: 589 creatures vanquished

Table legend: (Time is in decaauts)
 A = Elapsed time spent in this place.
 B = Non-inter-level travel time spent in this place.
 C = Inter-level travel time spent in this place.
 D = Time resting spent in this place.
 E = Time spent auto-exploring this place.
 F = Levels seen in this place.
 G = Mean time per level.
                   A        B        C        D        E       F      G
               +--------+--------+--------+--------+--------+-----+--------+
         Total |  17348 |  16884 |    464 |   2001 |  11663 |  17 | 1020.5 |
       Dungeon |  11036 |  10713 |    323 |   1034 |   7639 |  11 | 1003.3 |
        Temple |     36 |     27 |      9 |      0 |     12 |   1 |   36.0 |
          Lair |   6274 |   6142 |    132 |    967 |   4012 |   5 | 1254.8 |
               +--------+--------+--------+--------+--------+-----+--------+

Top non-repeatable levels by time:
  Lair:2: 1760 daAuts
  Lair:4: 1534 daAuts
  Lair:3: 1399 daAuts
     D:8: 1306 daAuts
    D:11: 1256 daAuts
     D:6: 1235 daAuts
     D:4: 1231 daAuts
     D:5: 1204 daAuts
     D:1: 972 daAuts
     D:7: 931 daAuts
  Lair:1: 889 daAuts
     D:9: 860 daAuts
     D:2: 843 daAuts
  Lair:5: 690 daAuts
    D:10: 671 daAuts

Table legend:
 A = Non-vault XP
 B = Vault XP
 C = Vault XP percentage of total XP
 D = Non-vault monster count
 E = Vault monster count
 F = Vault count percentage of total count
                 A         B        C        D         E       F
            +---------+---------+-------+---------+---------+-------
      Total |   46935 |   17197 |  26.8 |     350 |      82 |  19.0
            +---------+---------+-------+---------+---------+-------
        D:1 |      47 |       0 |   0.0 |      26 |       0 |   0.0
        D:2 |      51 |       0 |   0.0 |      22 |       0 |   0.0
        D:3 |     186 |       0 |   0.0 |      12 |       0 |   0.0
        D:4 |     361 |     474 |  56.8 |      25 |      11 |  30.6
        D:5 |     235 |     120 |  33.8 |       8 |       2 |  20.0
        D:6 |    1699 |       0 |   0.0 |      30 |       0 |   0.0
        D:7 |    1089 |     199 |  15.5 |      15 |       2 |  11.8
        D:8 |    1263 |    1895 |  60.0 |      13 |       5 |  27.8
        D:9 |    2263 |       0 |   0.0 |      32 |       0 |   0.0
       D:10 |    1898 |    2176 |  53.4 |      16 |      21 |  56.8
       D:11 |    6043 |    1988 |  24.8 |      28 |      13 |  31.7
     Lair:1 |    2632 |     779 |  22.8 |      10 |       1 |   9.1
     Lair:2 |   11459 |     953 |   7.7 |      46 |       2 |   4.2
     Lair:3 |    3743 |    3219 |  46.2 |      20 |       6 |  23.1
     Lair:4 |   10595 |     816 |   7.2 |      35 |       1 |   2.8
     Lair:5 |    3371 |    4578 |  57.6 |      12 |      18 |  60.0
            +---------+---------+-------+---------+---------+-------
